 Dungeon Crawl Stone Soup version 0.21-a0-331-gfb491b4 (webtiles) character file.

24 4thArraOfDagon the Slasher (level 3, -1/31 HPs)
             Began as a Gnoll Wanderer on Oct 2, 2017.
             Killed from afar by a dart slug (3 damage)
             ... with a slug dart
             ... on level 3 of the Dungeon.
             The game lasted 00:01:00 (229 turns).

4thArraOfDagon the Slasher (Gnoll Wanderer)          Turns: 229, Time: 00:01:00

Health: -1/31      AC:  5    Str: 14    XL:     3   Next: 2%
Magic:  3/3        EV: 10    Int: 17    God:
Gold:   0          SH:  0    Dex: 15    Spells: 3/3 levels left

rFire    . . .     SeeInvis .   a - +2 hand axe
rCold    . . .     Gourm    .   (no shield)
rNeg     . . .     Faith    .   l - +0 ring mail
rPois    .         Spirit   .   (no helmet)
rElec    .         Reflect  .   (no cloak)
rCorr    .         Harm     .   (no gloves)
MR       .....                  (no boots)
Stlth    +.........             (no amulet)
HPRegen  0.10/turn              j - +3 ring of intelligence
MPRegen  0.08/turn              (no ring)

@: no status effects
A: distributed training, fangs 1, strong nose
a: no special abilities


You were on level 3 of the Dungeon.
You were not hungry.

You visited 1 branch of the dungeon, and saw 3 of its levels.

Inventory:

Hand Weapons
 a - a +2 hand axe (weapon)
 b - a +0 falchion
Armour
 d - a +0 robe
 l - a +0 ring mail (worn)
Jewellery
 j - a +3 ring of intelligence (left hand)
Scrolls
 e - a scroll of random uselessness {unknown}
 i - a scroll of identify {unknown}
 k - a scroll of teleportation {unknown}
Potions
 c - a potion of curing
Comestibles
 f - a bread ration
 g - a meat ration
 h - 3 fruits


   Skills:
 + Level 4.5 Fighting
 + Level 0.5 Short Blades
 + Level 6.5 Long Blades
 + Level 4.5 Axes
 + Level 0.5 Maces & Flails
 + Level 0.5 Polearms
 + Level 0.5 Staves
 + Level 0.5 Slings
 + Level 0.5 Bows
 + Level 0.5 Crossbows
 + Level 4.5 Throwing
 + Level 2.5 Armour
 + Level 0.5 Dodging
 + Level 0.5 Stealth
   Level 0.0 Stabbing
 + Level 0.5 Shields
   Level 0.0 Traps
 + Level 0.5 Unarmed Combat
 + Level 0.5 Spellcasting
 + Level 0.5 Conjurations
 + Level 0.5 Hexes
 + Level 0.5 Charms
 + Level 0.5 Summonings
 + Level 0.5 Necromancy
 + Level 0.5 Translocations
 + Level 0.5 Transmutations
 + Level 0.5 Fire Magic
 + Level 0.5 Ice Magic
 + Level 0.5 Air Magic
 + Level 0.5 Earth Magic
 + Level 0.5 Poison Magic
 + Level 0.5 Invocations
 + Level 0.5 Evocations


You had 3 spell levels left.
You didn't know any spells.

Dungeon Overview and Level Annotations

Branches:
Dungeon (3/15)

Altars:


Innate Abilities, Weirdness & Mutations

Your experience applies equally to all skills.
You have very sharp teeth.
Your uncanny sense of smell can sniff out nearby items.


Message History

Unknown command.
Unknown command.
You hit the dart slug. You bite the dart slug.
The dart slug is heavily wounded.
You closely miss the bat. The bat hits you.
* * * LOW HITPOINT WARNING * * *
Unknown command.
Unknown command.
You hit the dart slug.
The dart slug is severely wounded.
The bat closely misses you.
The dart slug bites you but does no damage.
Unknown command.
Unknown command.
You hit the dart slug.
The dart slug is almost dead.
The bat hits you but does no damage. The dart slug launches a dart at you.
The slug dart hits you!
You die...

#<.# ∆ ##†# #.#
#.# #.# # #.#
####.#######.#
......w....#.###
.....b.@.#.#...#
####.###.#.###.#
#.#.# #.# #.#.#
#.# ∆ #.#.# #.#
#.#.###.###
#†#.......#
#.........# ∆
#########.#


You could see a dart slug and a bat.

Vanquished Creatures
  An adder (D:3)
  A worm (D:3)
  A leopard gecko (D:1)
  A bat (D:1)
  A giant cockroach (D:1)
  A goblin (D:3)
  A hobgoblin (D:1)
  A frilled lizard (D:3)
  A kobold (D:1)
  4 rats
13 creatures vanquished.

Notes
Turn   | Place    | Note
-------+----------+-------------------------------------------
     0 | D:1      | 4thArraOfDagon the Gnoll Wanderer began the quest for the Orb.
     0 | D:1      | 4thArraOfDagon set off with: a +2 hand axe, a +0 falchion, a potion of curing, a +0 robe, a bread ration
     0 | D:1      | Reached XP level 1. HP: 20/20 MP: 1/1
    70 | D:1      | Reached XP level 2. HP: 9/26 MP: 2/2
   219 | D:3      | Reached XP level 3. HP: 2/31 MP: 3/3
   229 | D:3      | Killed from afar by a dart slug

Vault maps used:
D:1:      nagdon_arrival_zigzag_paths
D:2:      overflow_temple_1_default
D:3:      lemuel_zombie_altar_yredelemnul, nicolae_overflow_crystal_walls

Action                   || total
-------------------------++-------
Melee: Hand axe          ||    38
       Bite              ||     5
Armor: Robe              ||     5
       Ring mail         ||     5
Dodge: Dodged            ||    20

Table legend:
 A = Spawn XP
 B = Non-spawn XP
 C = Spawn XP percentage of total XP
 D = Spawn monster count
 E = Non-spawn monster count
 F = Spawn count percentage of total count
 G = Total turns spent on level
                    A         B        C        D         E        F      G
               +---------+---------+-------+---------+---------+-------+---------
         Total |       0 |      35 |   0.0 |       0 |      13 |   0.0 |   229
               +---------+---------+-------+---------+---------+-------+---------
           D:1 |       0 |      13 |   0.0 |       0 |       8 |   0.0 |   166
           D:3 |       0 |      22 |   0.0 |       0 |       5 |   0.0 |    46
               +---------+---------+-------+---------+---------+-------+---------
